 Dungeon Crawl Stone Soup version 0.26-a0-812-g31a745ddcd (webtiles) character file.

Game seed: 9820918908952086755

11718 kae the Grappler (level 11, -4/94 HPs)
             Began as a Black Draconian Transmuter on Nov 24, 2020.
             Was a Priest of Wu Jian.
             Slain by an unseen horror (9 damage)
             ... on level 9 of the Dungeon.
             The game lasted 00:09:48 (13450 turns).

kae the Grappler (Black Draconian Transmuter)      Turns: 13450, Time: 00:09:48

Health: -4/94      AC:  7    Str: 15    XL:     11   Next: 53%
Magic:  20/21      EV: 15    Int: 14    God:    Wu Jian [***...]
Gold:   600        SH:  0    Dex: 12    Spells: 10/23 levels left

rFire    . . .     SeeInvis .     - Unarmed
rCold    . . .     Faith    .   (shield currently unavailable)
rNeg     . . .     Spirit   .   (armour unavailable)
rPois    .         Reflect  .   (helmet restricted)
rElec    +         Harm     .   r - -1 cloak (curse)
rCorr    .         Rampage  .   (gloves currently unavailable)
MR       .....                  (no boots)
Stlth    +.........             (no amulet)
HPRegen  0.25/turn              (no ring)
MPRegen  0.17/turn              (no ring)

@: blade hands, very slow
A: breathe lightning, unfitting armour, electricity resistance, cold-blooded, AC
+7
a: Breathe Lightning, End Transformation, Wall Jump, Serpent's Lash, Renounce
Religion


You were on level 9 of the Dungeon.
You worshipped Wu Jian.
Wu Jian was most pleased with you.
You had blades for hands.
You visited 2 branches of the dungeon, and saw 10 of its levels.
You also visited: Sewer.

You collected 600 gold pieces.

Inventory:

Armour
 r - a cursed -1 cloak (worn)
Jewellery
 d - an uncursed ring of stealth {unknown}
 f - an uncursed ring of protection from cold {unknown}
 o - an uncursed ring of protection from fire {unknown}
 q - an uncursed ring of see invisible {unknown}
 x - an uncursed ring of protection from magic
 z - a cursed amulet of inaccuracy {unknown}
Wands
 g - a wand of iceblast (6)
 h - a wand of polymorph (12)
 t - a wand of random effects (15)
 B - a wand of paralysis (10)
Scrolls
 a - 4 scrolls of amnesia
 b - a scroll of fog
 c - 9 scrolls of teleportation
 j - a scroll of enchant armour
 y - a scroll of acquirement {unknown}
 A - a scroll of fear
 C - a scroll of identify
 D - a scroll of magic mapping {unknown}
 E - 3 scrolls of brand weapon {unknown}
Potions
 e - 4 potions of curing
 i - 2 potions of resistance
 k - 2 potions of heal wounds
 l - 2 potions of lignification
 m - 3 potions of brilliance
 n - a potion of might
 p - a potion of degeneration
 s - 2 potions of berserk rage
 u - 2 potions of haste
 v - 2 potions of flight
 w - a potion of ambrosia


   Skills:
 + Level 7.9 Fighting
 + Level 6.6 Dodging
 * Level 10.4 Unarmed Combat
 + Level 6.8 Spellcasting
 * Level 10.2 Transmutations
 - Level 3.0 Poison Magic


You had 10 spell levels left.
You knew the following spells:

 Your Spells              Type           Power        Failure   Level
a - Beastly Appendage     Tmut           ####..       9%          1
b - Spider Form           Tmut/Pois      ###.......   24%         3
c - Blade Hands           Tmut           ####......   36%         5
d - Ice Form              Ice/Tmut       ###.....     58%         4

Your spell library contained the following spells:

 Spells                   Type           Power        Failure   Level
 Wereblood                Tmut           ####....     10%         2
 Foxfire                  Conj/Fire      #...         54%         1
 Conjure Flame            Conj/Fire      #.......     82%         3
 Inner Flame              Hex/Fire       #.......     82%         3
 Sticky Flame             Conj/Fire      #.......     98%         4
 Bolt of Magma            Conj/Fire/Erth #.........   100%        5
 Fireball                 Conj/Fire      #.........   100%        5
 Iskenderun's Battlesphe  Conj           #.......     100%        5
 Iron Shot                Conj/Erth      #.........   100%        6
 Orb of Destruction       Conj           #.........   100%        7
 Spellforged Servitor     Conj/Summ      #.........   100%        7


Dungeon Overview and Level Annotations

Branches:
Dungeon (9/15)             Temple (1/1) D:6             Orc (0/2) D:9
  Sewer (visited)
   Lair: D:8-11

Altars:
Ashenzari
Cheibriados
Dithmenos
Elyvilon
Fedhas
Gozag
Hepliaklqana
Kikubaaqudgha
Makhleb
Nemelex Xobeh
Okawaru
Qazlal
Ru
Sif Muna
Trog
Uskayaw
Vehumet
Wu Jian
Xom
Yredelemnul
Zin
The Shining One

Annotations:
D:3 1 runed translucent door, End1zNear's ghost, amateur DDFi


Innate Abilities, Weirdness & Mutations

You can breathe wild blasts of lightning.
Your glossy black scales are hard. (AC +7)
You cannot fit into any form of body armour.
You are resistant to electric shocks. (rElec)
You are cold-blooded and may be slowed by cold attacks.


Message History

Something hits you.
* * * LOW HITPOINT WARNING * * *
You feel much better. Something hits you.
* * * LOW HITPOINT WARNING * * *
Your unstable footing causes you to fumble your attack.
Something hits you but does no damage. Something completely misses you.
Your unstable footing causes you to fumble your attack.
Something barely misses you.
You hear a splashing noise.
You hear a splashing noise.
You slice something!! Something hits you.
* * * LOW HITPOINT WARNING * * *
Something hits you.
* * * LOW HITPOINT WARNING * * *
Something hits you but does no damage.
You hear a splashing noise.
Something completely misses you. Something hits you.
* * * LOW HITPOINT WARNING * * *
Something hits you!
You die...

♣≈≈≈≈≈≈†...PP♣♣######
♣≈≈≈≈≈≈....≈P♣.#....#
#≈≈≈≈≈≈...≈P≈♣.#....#
##≈≈≈≈≈...≈P♣..#....#
#≈≈≈≈≈≈...♣...#....#
#♣≈≈≈≈≈.......#....#
#♣♣≈P≈≈.......#....#
#.♣≈≈≈♣.......####.'
#.≈@P≈♣###########.#
#...♣{P....##........
#....♣.....##........
#....<.....##........
#..........##........
#..........##.....†..
####
##...##.###########..
...# #... .# ####..
#..# .......


There were no monsters in sight!

Vanquished Creatures
  Harold (D:7)
  Pikel (D:5)
  A deep elf mage (D:8)
  An ugly thing (D:8)
  A wyvern (D:9)
  Eustachio (D:4)
  Grum (D:8)
  3 water moccasins
  6 orc warriors
  2 eyes of draining
  An ice beast (D:8)
  2 phantoms
  A sky beast (D:8)
  13 ogres
  A centaur (D:7)
  2 wolves (D:8)
  4 big kobolds (D:7)
  A lemure (D:5)
  2 bullfrogs (D:8)
  3 scorpions
  6 killer bees (D:9)
  5 wights (D:8)
  2 electric eels (D:9)
  4 howler monkeys
  A centaur zombie (D:8)
  2 quasits (D:8)
  2 jellies (D:8)
  2 bullfrog skeletons
  4 gnoll shamans
  3 hounds
  7 orc priests
  8 orc wizards
  6 worker ants
  An iguana (D:8)
  A killer bee zombie (D:7)
  A hound zombie (D:8)
  A hound skeleton (D:6)
  A howler monkey skeleton (D:6)
  13 adders
  9 gnolls
  2 shadow imps
  3 white imps
  2 ufetubi
  2 oozes
  2 adder skeletons
  3 worms
  6 leopard geckos
  44 orcs
  2 ball pythons
  7 giant cockroaches
  4 hobgoblins
  18 jackals
  2 quokkas
  11 bats
  5 frilled lizards
  13 goblins
  13 kobolds
  2 quokka zombies
  7 rats
275 creatures vanquished.

Vanquished Creatures (others)
  An adder (D:9)
  6 fungi (D:7)
  12 plants
19 creatures vanquished.

Grand Total: 294 creatures vanquished

Notes
Turn   | Place    | Note
-------+----------+-------------------------------------------
     0 | D:1      | kae the Draconian Transmuter began the quest for the Orb.
     0 | D:1      | Reached XP level 1. HP: 16/16 MP: 3/3
   255 | D:1      | Reached XP level 2. HP: 11/23 MP: 3/5
   950 | D:1      | Reached XP level 3. HP: 26/28 MP: 4/6
  1327 | D:2      | Learned a level 3 spell: Spider Form
  1514 | D:2      | Reached XP level 4. HP: 29/36 MP: 7/7
  2218 | D:2      | Reached skill level 1 in Poison Magic
  2834 | D:3      | Found a runed translucent door.
  2837 | D:3      | Noticed End1zNear's ghost (amateur DDFi)
  2841 | D:3      | Reached XP level 5. HP: 39/41 MP: 6/8
  3396 | D:3      | Found a hide-covered altar of Uskayaw.
  3629 | D:4      | Noticed an ogre
  3639 | D:4      | Killed an ogre
  3744 | D:4      | Noticed Eustachio
  3748 | D:4      | Noticed an ogre
  3766 | D:4      | Reached XP level 6. HP: 48/48 MP: 10/10
  3821 | D:4      | Killed Eustachio
  3821 | D:4      | Your scales start taking on a glossy black colour.
  3821 | D:4      | Reached XP level 7. HP: 8/56 MP: 7/11
  3821 | D:4      | Gained mutation: You are resistant to electric shocks.
                  | (rElec) [Black Draconian growth]
  4316 | D:4      | Found a glowing golden altar of the Shining One.
  4343 | D:4      | Reached skill level 5 in Unarmed Combat
  5282 | D:4      | Found a sacrificial altar of Ru.
  5290 | D:4      | Found an ancient bone altar of Kikubaaqudgha.
  5416 | D:5      | Entered Level 5 of the Dungeon
  5476 | D:5      | Found Erepaw's Magic Scroll Emporium.
  5796 | D:5      | Learned a level 5 spell: Blade Hands
  5827 | D:5      | Noticed Pikel
  5849 | D:5      | Killed Pikel
  5849 | D:5      | Reached skill level 5 in Transmutations
  5849 | D:5      | Reached XP level 8. HP: 48/66 MP: 10/13
  6679 | D:6      | Found a glowing drain.
  6710 | Sewer    | Entered a sewer
  7245 | D:6      | Found a shadowy altar of Dithmenos.
  7456 | D:6      | Found a blossoming altar of Fedhas.
  7457 | D:6      | Found a sparkling altar of Nemelex Xobeh.
  7593 | D:6      | Found a staircase to the Ecumenical Temple.
  7830 | Temple   | Entered the Ecumenical Temple
  8101 | Temple   | Became a worshipper of the Wu Jian Council
  8174 | D:7      | Noticed Harold
  8389 | D:7      | Reached XP level 9. HP: 34/72 MP: 15/15
  8943 | D:7      | Killed Harold
  8943 | D:7      | Reached skill level 5 in Fighting
  9520 | D:7      | Found a radiant altar of Vehumet.
  9883 | D:7      | Reached skill level 5 in Spellcasting
 10139 | D:7      | Reached * piety under Wu Jian
 10219 | D:7      | Noticed a troll
 10416 | D:7      | Reached skill level 5 in Dodging
 10521 | D:7      | Reached XP level 10. HP: 83/83 MP: 13/17
 10678 | D:7      | Reached XP level 11. HP: 92/92 MP: 17/20
 10758 | D:8      | Noticed Grum
 10769 | D:8      | Killed Grum
 11257 | D:8      | Reached skill level 10 in Unarmed Combat
 11270 | D:8      | Reached ** piety under Wu Jian
 11381 | D:8      | Noticed a deep elf mage
 11391 | D:8      | Killed a deep elf mage
 11422 | D:8      | Noticed a white ugly thing
 11430 | D:8      | Killed a white ugly thing
 12041 | D:8      | Reached skill level 10 in Transmutations
 12376 | D:8      | Learned a level 4 spell: Ice Form
 12410 | D:9      | Found a staircase to the Orcish Mines.
 12699 | D:9      | Reached *** piety under Wu Jian
 13074 | D:9      | Found an iron altar of Okawaru.
 13442 | D:9      | HP: 1/94 [something (4)]
 13450 | D:9      | Slain by an unseen horror

Illustrated notes

Levels and vault maps discovered:
D:1:      sevenhm_arrival_forest_fort_small_5, layout_loops_cross,
          minmay_pentomino_x4
D:2:      layout_basic
D:3:      layout_rooms, marbit_many_paths, hellmonk_ghost_happy_afterlife
D:4:      layout_basic, minitemple, tso_altar, chequers_hall_statues_y,
          uniq_eustachio
D:5:      layout_loops_ring, serial_shops, nicolae_shop_crystal, minivault_25,
          uniq_pikel
D:6:      layout_loops_corners, nicolae_dithmenos_shadow_blocks,
          gammafunk_temple_overflow_pools, minmay_temple_entry_overgrown,
          gup_sewer_entry_glass
D:7:      kennysheep_seaside_town, layout_rooms, vehumet_crystals,
          lightli_corner_chamber, uniq_harold
D:8:      minmay_the_grid_octo_2x2 [minmay_the_grid_octo_concentric,
          minmay_the_grid_octo_fan_narrow, minmay_the_grid_octo_empty,
          minmay_the_grid_octo_prize_ultimate_mussel_roller], layout_loops_ring,
          uniq_grum
D:9:      layout_stronghold, kennysheep_okawaru_gauntlet, david_orc_3,
          serial_bayou_ford_a, lightli_orcish_oven
Temple:   oiseaux_autumnal_temple

Skill      XL: |  1  2  3  4  5  6  7  8  9 10 11 |
---------------+----------------------------------+-----
Dodging        | 2 3 4 5 6 |  6.6
Poison Magic   | 1 2 3 |  3.0
Transmutations | 3 4 5 6 7 9 10 | 10.2
Fighting       | 2 4 5 7 |  7.9
Unarmed Combat | 4 6 8 9 10 | 10.4
Spellcasting   | 3 4 5 6 |  6.8

Action                   |  1- 3 |  4- 6 |  7- 9 | 10-12 || total
-------------------------+-------+-------+-------+-------++-------
Melee: Unarmed           |   110 |   176 |   336 |   214 ||   836
       Headbutt          |    12 |    12 |       |       ||    24
       Kick              |    14 |    14 |       |       ||    28
       Tailslap          |    12 |    14 |    11 |    17 ||    54
       Punch             |       |     1 |     2 |     3 ||     6
 Cast: Beastly Appendage |    24 |    21 |       |       ||    45
       Spider Form       |       |     3 |    40 |       ||    43
       Blade Hands       |       |       |     3 |    26 ||    29
       Ice Form          |       |       |       |     1 ||     1
Invok: Lunge             |       |       |    10 |    18 ||    28
       Whirlwind         |       |       |       |     1 ||     1
 Abil: Breathe Lightning |       |       |     3 |     1 ||     4
  Use: Scroll            |       |    11 |     5 |     5 ||    21
       Potion            |       |     2 |       |     3 ||     5
 Stab: Sleeping          |       |       |     2 |     1 ||     3
Armor: Skin              |    35 |    56 |    34 |    42 ||   167
Dodge: Dodged            |    90 |   111 |   287 |   122 ||   610

Table legend: (Time is in decaauts)
 A = Elapsed time spent in this place.
 B = Non-inter-level travel time spent in this place.
 C = Inter-level travel time spent in this place.
 D = Time resting spent in this place.
 E = Time spent auto-exploring this place.
 F = Levels seen in this place.
 G = Mean time per level.
                   A        B        C        D        E       F      G
               +--------+--------+--------+--------+--------+-----+--------+
         Total |  13389 |  12853 |    536 |    785 |  10232 |  11 | 1217.2 |
       Dungeon |  12928 |  12479 |    449 |    785 |   9900 |   9 | 1436.4 |
        Temple |    319 |    232 |     87 |      0 |    230 |   1 |  319.0 |
         Sewer |    140 |    140 |      0 |      0 |    102 |   1 |  140.0 |
               +--------+--------+--------+--------+--------+-----+--------+

Top non-repeatable levels by time:
     D:7: 1956 daAuts
     D:8: 1915 daAuts
     D:4: 1795 daAuts
     D:6: 1706 daAuts
     D:1: 1321 daAuts
     D:5: 1197 daAuts
     D:2: 1169 daAuts
     D:3: 1109 daAuts
     D:9: 757 daAuts
  Temple: 319 daAuts
   Sewer: 140 daAuts
